 Dungeon Crawl Stone Soup version 0.30-a0-439-g9e77e4d916 (webtiles) character file.

Game seed: 12433577976486818447

455 PyroL the Purveyor of Pain (level 6, -4/33 HPs)
             Began as a Deep Elf Necromancer on Dec 10, 2022.
             Was an Initiate of Kikubaaqudgha.
             Shot with an arrow by a centaur (13 damage)
             ... on level 5 of the Dungeon.
             The game lasted 00:08:15 (3175 turns).

PyroL the Purveyor of Pain (Deep Elf Necromancer)   Turns: 3175, Time: 00:08:16

Health: -4/33      AC:  4    Str:  5    XL:     6   Next: 76%
Magic:  18/18      EV: 12    Int: 22    God:    Kikubaaqudgha [......]
Gold:   317        SH:  0    Dex: 15    Spells: 6/19 levels left

rFire   + . .      SeeInvis .    c - +0 hand axe
rCold   . . .      Faith    .    (no shield)
rNeg    . . .      Spirit   .    l - +1 robe {rF+}
rPois   .          Reflect  .    (no helmet)
rElec   .          Harm     .    x - scarf {shadows}
rCorr   .          Rampage  .    (no gloves)
Will    .....                    e - +0 pair of boots
Stlth   ++........               a - amulet of magic regeneration
HPRegen 0.25/turn                (no ring)
MPRegen 0.56/turn                (no ring)

@: animating dead
A: no striking features
a: Renounce Religion


You were on level 5 of the Dungeon.
You worshipped Kikubaaqudgha.
Kikubaaqudgha was noncommittal.
You visited 2 branches of the dungeon, and saw 6 of its levels.

You collected 317 gold pieces.

Inventory:

Hand Weapons
 c - a +0 hand axe (weapon)
Armour
 e - a +0 pair of boots (worn)
 l - a +1 robe of fire resistance (worn)
 x - a scarf of shadows (worn)
Jewellery
 a - an amulet of magic regeneration (around neck)
Wands
 t - a wand of flame (57)
 v - a wand of light (10)
Scrolls
 f - 3 scrolls of blinking {unknown}
 g - 3 scrolls of poison {unknown}
 k - 4 scrolls of immolation {unknown}
 n - a scroll of enchant weapon {unknown}
 o - a scroll of brand weapon {unknown}
 p - a scroll of fear {unknown}
 r - 3 scrolls of identify {unknown}
 s - a scroll of butterflies {unknown}
Potions
 b - a potion of magic
 d - 3 potions of brilliance {unknown}
 h - 2 potions of haste {unknown}
 i - a potion of curing {unknown}
 j - a potion of flight {unknown}
 m - 2 potions of cancellation {unknown}
 q - a potion of might {unknown}
 u - a potion of degeneration {unknown}
 w - a potion of lignification {unknown}


   Skills:
 + Level 0.5 Fighting
 - Level 2.4 Dodging
 - Level 2.4 Stealth
 - Level 7.0 Spellcasting
 + Level 7.7 Necromancy


You had 6 spell levels left.
You knew the following spells:

 Your Spells              Type           Power      Damage    Failure   Level
a - Necrotise             Necr           100%       1d9       1%          1
b - Vampiric Draining     Necr           41%        2d8       1%          3
c - Animate Dead          Necr           41%        N/A       3%          4
d - Dispel Undead         Necr           41%        3d16      3%          4
e - Kiss of Death         Conj/Necr      96%        2d12      1%          1

Your spell library contained the following spells:

 Spells                   Type           Power      Damage    Failure   Level
 Beastly Appendage        Tmut           14%        N/A       9%          1
 Agony                    Necr           41%        N/A       10%         5
 Wereblood                Tmut           7%         N/A       12%         2
 Confusing Touch          Hex            7%         N/A       24%         3
 Spider Form              Tmut/Pois      7%         N/A       24%         3


Dungeon Overview and Level Annotations

Branches:
Dungeon (5/15)             Temple (1/1) D:4

Altars:
Ashenzari
Cheibriados
Dithmenos
Elyvilon
Fedhas
Gozag
Hepliaklqana
Kikubaaqudgha
Makhleb
Nemelex Xobeh
Okawaru
Qazlal
Sif Muna
Trog
Wu Jian
Xom
Yredelemnul
Zin
The Shining One

Shops:
D:1 [:


Message History

You kill the howler monkey!
Kikubaaqudgha accepts your kill.
The dead are walking!
The orc wizard hits your howler monkey zombie with a +0 dagger.
Your howler monkey zombie hits the orc wizard.
The orc wizard casts a spell at you.
Your howler monkey zombie appears confused.
The orc wizard gestures wildly while chanting.
The orc wizard flickers and vanishes!
Deactivating autopickup; reactivate with Ctrl-A.
Your howler monkey zombie completely misses you.
Your howler monkey zombie hits itself.
You hear a shout!
You hear some strange, mumbled words.
A puff of flame appears from out of thin air!
The puff of flame hits your howler monkey zombie!
Something hits your howler monkey zombie.
Your howler monkey zombie hits you.
Your howler monkey zombie hits itself.
Something hits your howler monkey zombie.
An ogre comes into view. It is wielding a +0 giant spiked club.
Your howler monkey zombie closely misses something.
You hear some strange, mumbled words.
A puff of flame appears from out of thin air!
The puff of flame hits your howler monkey zombie!
Your howler monkey zombie is destroyed!
A magic dart appears from out of thin air!
The magic dart hits you!
An adder comes into view.
Something tries to affect you, but you resist.
The centaur wields a +0 shortbow.
The centaur shoots an arrow.
The arrow hits you.
The centaur shoots an arrow.
The arrow hits you!
* * * LOW HITPOINT WARNING * * *
The centaur shoots an arrow.
The arrow barely misses you.
The centaur shoots an arrow.
The arrow hits you.
* * * LOW HITPOINT WARNING * * *
The centaur shoots an arrow.
The arrow completely misses you.
The centaur shoots an arrow.
The arrow hits you!
You die...
Kikubaaqudgha rasps: "You have failed me!
Welcome... death!"

#############
#...........#
###.#.#.#.#.#.##
#.....{........#
##.###.#.#.#.#.##
##..##...........#
#..####.#.#.#.#.##
#.## #...........# #.#
##.#.#.#@#.## ####.#
#...........# .....#
##.#.#c#.#.##
####.####............
#S......##.#.#.#.#.#.#
#.#####.#............#
# #.# .# #.# #
#.{..$.. #.##.#.#


You could see a centaur.

Vanquished Creatures
  Sigmund (D:2)
  A howler monkey (D:5)
  Crazy Yiuf (D:4)
  An orc priest (D:3)
  A hound (D:3)
  Jessica (D:2)
  An iguana (D:3)
  2 orc wizards (D:3)
  2 adders
  2 worms
  An orc (D:3)
  A ball python (D:1)
  4 bats (D:1)
  6 endoplasms
  A giant cockroach (D:4)
  4 goblins
  2 hobgoblins
  A jackal (D:4)
  A kobold (D:1)
  3 quokkas
  4 frilled lizards
  3 rats
44 creatures vanquished.

Vanquished Creatures (collateral kills)
  2 endoplasms (D:1)
  A jackal (D:4)
3 creatures vanquished.

Vanquished Creatures (others)
  A howler monkey zombie (D:5)
1 creature vanquished.

Grand Total: 48 creatures vanquished

Notes
Turn   | Place    | Note
-------+----------+-------------------------------------------
     0 | D:1      | PyroL the Deep Elf Necromancer began the quest for the Orb.
     0 | D:1      | Reached XP level 1. HP: 10/10 MP: 6/6
   175 | D:1      | Reached skill level 5 in Necromancy
   435 | D:1      | Found Jiew Cea's Antique Armour Boutique.
   440 | D:1      | Reached XP level 2. HP: 15/15 MP: 4/8
   705 | D:1      | Found Seuxauc's Book Boutique.
  1002 | D:2      | Noticed Jessica
  1008 | D:2      | Killed Jessica
  1009 | D:2      | Reached XP level 3. HP: 19/19 MP: 3/10
  1120 | D:2      | Noticed Sigmund
  1127 | D:2      | Learned a level 3 spell: Vampiric Draining
  1143 | D:2      | Killed Sigmund
  1144 | D:2      | Reached skill level 5 in Spellcasting
  1144 | D:2      | Reached XP level 4. HP: 16/24 MP: 2/13
  1144 | D:2      | Reached XP level 5. HP: 19/28 MP: 2/15
  1737 | D:2      | Learned a level 1 spell: Kiss of Death
  1742 | D:2      | Learned a level 4 spell: Dispel Undead
  1747 | D:2      | Learned a level 4 spell: Animate Dead
  1889 | D:3      | Reached XP level 6. HP: 28/32 MP: 12/17
  2846 | D:4      | Found a staircase to the Ecumenical Temple.
  2854 | Temple   | Entered the Ecumenical Temple
  2855 | Temple   | Found a transporter.
  2855 | Temple   | Found a transporter.
  2857 | Temple   | Found a transporter.
  2857 | Temple   | Found a transporter.
  2890 | Temple   | Became a worshipper of Kikubaaqudgha
  3053 | D:4      | Found a runed translucent door.
  3054 | D:4      | Noticed Crazy Yiuf
  3061 | D:4      | Killed Crazy Yiuf
  3106 | D:5      | Entered Level 5 of the Dungeon
  3175 | D:5      | Shot with an arrow by a centaur

Illustrated notes

Levels and vault maps discovered:
D:1:      lemuel_arrival_tunnels, layout_basic, serial_shops, shop,
          nicolae_shop_behind_doors, minmay_tetromino_t4
D:2:      layout_basic, uniq_sigmund, uniq_jessica
D:3:      layout_loops_ring, kennysheep_orc_chapel
D:4:      layout_rooms, minmay_temple_entry_junction, serial_curves,
          eino_curves_02, eino_curves_01, eino_curves_03, grunt_decor_arrowhead,
          minivault_4, uniq_crazy_yiuf_cottage
D:5:      nicolae_cairo_tiling_large_dashed, layout_loops_ring, vehumet_statue,
          st_stairs_11, corexii_checkpoint_a, kennysheep_generic_room_12,
          uniq_eustachio
Temple:   hellmonk_temple_divided_pantheon

Skill      XL: |  1  2  3  4  5  6 |
---------------+-------------------+-----
Necromancy     | 5 6 7 |  7.7
Spellcasting   | 4 5 6 7 |  7.0
Fighting       | |  0.5
Dodging        | |  2.4
Stealth        | |  2.4

Action                   |  1- 3 |  4- 6 || total
-------------------------+-------+-------++-------
Melee: Hand axe          |    19 |    18 ||    37
 Cast: Necrotise         |    31 |    42 ||    73
       Vampiric Draining |     2 |    13 ||    15
       Animate Dead      |       |     3 ||     3
Armor: Robe              |    11 |     5 ||    16
Dodge: Dodged            |    20 |    19 ||    39

Table legend: (Time is in decaauts)
 A = Elapsed time spent in this place.
 B = Non-inter-level travel time spent in this place.
 C = Inter-level travel time spent in this place.
 D = Time resting spent in this place.
 E = Time spent auto-exploring this place.
 F = Levels seen in this place.
 G = Mean time per level.
                   A        B        C        D        E       F      G
               +--------+--------+--------+--------+--------+-----+--------+
         Total |   3185 |   3044 |    141 |     15 |   2504 |   6 |  530.8 |
       Dungeon |   3128 |   2987 |    141 |     15 |   2499 |   5 |  625.6 |
        Temple |     56 |     56 |      0 |      0 |      5 |   1 |   56.0 |
               +--------+--------+--------+--------+--------+-----+--------+

Top non-repeatable levels by time:
     D:1: 926 daAuts
     D:2: 872 daAuts
     D:3: 724 daAuts
     D:4: 536 daAuts
     D:5: 68 daAuts
  Temple: 56 daAuts
